 Dungeon Crawl Stone Soup version 0.29.1-1-gd02db6906a (webtiles) character file.

Game seed: 10309726919951713982

14182 holycorn the Severer (level 11, -2/111 HPs)
             Began as a Minotaur Berserker on Sept 21, 2022.
             Was an Elder of Trog.
             Shot with a sling bullet by a faun (11 damage)
             ... on level 1 of the Shoals.
             The game lasted 00:25:02 (12612 turns).

holycorn the Severer (Minotaur Berserker)          Turns: 12612, Time: 00:25:03

Health: -2/111     AC: 15    Str: 31    XL:     11   Next: 85%
Magic:  10/10      EV: 11    Int:  4    God:    Trog [****..]
Gold:   726        SH:  0    Dex: 11    Spells: 10/10 levels left

rFire   . . .      SeeInvis +   A - +0 broad axe
rCold   . . .      Faith    .   (no shield)
rNeg    + . .      Spirit   .   l - +0 scale mail {rN+}
rPois   .          Reflect  .   (helmet restricted)
rElec   .          Harm     .   p - +0 cloak
rCorr   .          Rampage  .   e - +1 pair of gloves
Will    +....                   L - +1 pair of boots
Stlth   ..........              (no amulet)
HPRegen 1.28/turn               y - ring of see invisible
MPRegen 0.12/turn               G - +6 ring of strength

@: weak-willed, strong-willed, mesmerised, regenerating, very slow
A: horns 2, retaliatory headbutt
a: Renounce Religion, Berserk, Trog's Hand, Brothers in Arms


You were on level 1 of the Shoals.
You worshipped Trog.
Trog was greatly pleased with you.
You visited 3 branches of the dungeon, and saw 11 of its levels.

You collected 726 gold pieces.

Inventory:

Hand Weapons
 a - a +0 hand axe
 A - a +0 broad axe (weapon)
Missiles
 k - 2 throwing nets (quivered)
Armour
 b - a +0 animal skin
 e - a +1 pair of gloves (worn)
 f - a +0 leather armour
 l - a +0 scale mail of positive energy (worn)
 p - a +0 cloak (worn)
 L - a +1 pair of boots (worn)
Jewellery
 y - a ring of see invisible (left hand)
 G - a +6 ring of strength (right hand)
Wands
 C - a wand of roots (8)
 I - a wand of acid (6)
 O - a wand of flame (14)
 P - a wand of mindburst (9)
Scrolls
 c - 2 scrolls of poison
 g - a scroll of vulnerability {unknown}
 h - 2 scrolls of immolation {unknown}
 n - a scroll of brand weapon {unknown}
 r - 2 scrolls of noise
 s - a scroll of amnesia {unknown}
 t - 2 scrolls of torment
 w - 2 scrolls of summoning {unknown}
 z - 2 scrolls of silence {unknown}
 B - 2 scrolls of teleportation {unknown}
 D - 2 scrolls of enchant weapon {unknown}
 E - a scroll of butterflies {unknown}
 N - 2 scrolls of identify
Potions
 d - 3 potions of curing
 i - 2 potions of attraction
 j - 2 potions of degeneration
 m - 3 potions of heal wounds
 o - 2 potions of brilliance {unknown}
 q - 2 potions of might {unknown}
 u - a potion of mutation {unknown}
 v - 3 potions of magic
 x - 2 potions of lignification {unknown}
 F - a potion of ambrosia
 H - a potion of haste {unknown}
 J - 2 potions of berserk rage {unknown}
 K - 2 potions of resistance {unknown}
Miscellaneous
 M - a piece from Xom's chessboard (15/15)


   Skills:
 * Level 14.5 Fighting
 + Level 15.2 Axes
 + Level 10.4 Armour
 - Level 2.3 Dodging
 - Level 0.4 Stealth


You had 10 spell levels left.
You didn't know any spells.
Your spell library was empty.

Dungeon Overview and Level Annotations

Branches:
Dungeon (8/15)             Temple (0/1) D:6            Lair (2/5) D:8
 Shoals (1/4) Lair:2
  Snake: Lair:2-3    Spider: Lair:2-3

Altars:
Dithmenos
Ru
Trog
Vehumet

Shops:
D:2 *   D:4 *


Innate Abilities, Weirdness & Mutations

You have a pair of horns on your head.
You reflexively headbutt those who attack you in melee.


Message History

The merfolk avatar is lightly wounded.
The merfolk avatar chants its luring song.
The faun shoots a sling bullet.
The sling bullet barely misses you.
You slice the merfolk avatar!!
The merfolk avatar is moderately wounded.
The faun shoots a sling bullet.
The sling bullet hits you.
The faun shoots a sling bullet.
The sling bullet hits you! The sling bullet burns you.
* * * LOW HITPOINT WARNING * * *
The merfolk avatar chants its luring song.
The faun shoots a sling bullet.
The sling bullet hits you.
* * * LOW HITPOINT WARNING * * *
Your unstable footing causes you to fumble your attack.
The faun shoots a sling bullet.
The sling bullet hits you but does no damage.
The merfolk avatar chants its luring song.
The faun shoots a sling bullet.
The sling bullet hits you.
* * * LOW HITPOINT WARNING * * *
The faun shoots a sling bullet.
The sling bullet hits you.
* * * LOW HITPOINT WARNING * * *
Your unstable footing causes you to fumble your attack.
The merfolk avatar chants its luring song.
Your unstable footing causes you to fumble your attack.
The faun shoots a sling bullet.
The sling bullet hits you!
* * * LOW HITPOINT WARNING * * *
The faun points at you and mumbles some strange words.
You easily resist.
The merfolk avatar chants its luring song.
Your unstable footing causes you to fumble your attack.
The faun shoots a sling bullet.
The sling bullet closely misses you.
The faun points at you and mumbles some strange words.
You easily resist.
The merfolk avatar chants its luring song.
You slash the merfolk avatar!
Your headbutt misses the merfolk avatar.
The merfolk avatar is heavily wounded.
The faun shoots a sling bullet.
The sling bullet barely misses you.
The faun unwields a +1 spear of pain.
The faun wields a +0 sling.
The faun shoots a sling bullet.
The sling bullet hits you!
You die...

... ..~~~≈≈~...>c~~~ ...
#..~~~≈≈~~~~~~~~~
...####..~~~~≈~~~~~~~~~~~
.~....#..~~~~≈~~~~~~~~~~~
.~.....>.~~~~~≈≈≈~~cc~~~~
≈~...~~~.~~≈~~≈≈≈≈c~~?~~~
~~~...~...~~≈~~~m≈~~....
~~~~.......~~≈≈~@~~~.#
~.~~.~..#...~≈≈~.~~~.#
~~.....####.~≈≈..~≈≈~###.
~~~....####..~...~~~~~~..
~~..))÷.....~~...~...~~~~
~...)........~~~.....~~~~
....###<#............~~~~
.... #.##............~~~
~... ..##.............~~


You could see a merfolk avatar (mesmerising) and 4 fauns.

Vanquished Creatures
  A boulder beetle (Lair:2)
  Pikel (D:8)
  3 fauns (Shoals:1)
  A manticore (Shoals:1)
  A merfolk siren (Shoals:1)
  6 cane toads
  A rime drake (Lair:2)
  2 komodo dragons (Lair:1)
  A polar bear (Lair:2)
  Grinder (D:6)
  4 blink frogs (Lair:1)
  2 wyverns (Lair:1)
  A water elemental (Shoals:1)
  12 yaks
  Grum (D:8)
  5 water moccasins
  Duvessa (D:6)
  9 black bears (Lair:2)
  2 sky beasts
  3 ice beasts
  An ogre (D:5)
  16 wolves
  A phantom (D:5)
  4 centaurs
  A lemure (D:8)
  Blork the orc (D:4)
  7 bullfrogs
  A necrophage (D:7)
  A gnoll sergeant (D:8)
  A scorpion (D:5)
  Dowan (D:6)
  3 wights (D:7)
  2 howler monkeys
  A vampire bat (Lair:1)
  2 jellies
  An orc priest (D:7)
  A hound (D:6)
  5 iguanas
  Natasha (twice) (D:3)
  4 orc wizards
  9 gnolls
  5 adders
  3 white imps
  3 worms (D:2)
  A dart slug (D:5)
  23 orcs
  2 endoplasms (D:1)
  5 giant cockroaches
  5 goblins
  8 hobgoblins
  5 jackals
  7 ball pythons
  14 bats
  2 frilled lizards (D:1)
  4 kobolds
  3 rats
213 creatures vanquished.

Vanquished Creatures (others)
  9 fungi
  13 plants
  5 toadstools (D:3)
27 creatures vanquished.

Grand Total: 240 creatures vanquished

Notes
Turn   | Place    | Note
-------+----------+-------------------------------------------
     0 | D:1      | holycorn the Minotaur Berserker began the quest for the
                  | Orb.
     0 | D:1      | Reached XP level 1. HP: 19/19 MP: 0/0
   361 | D:1      | Reached XP level 2. HP: 22/27 MP: 1/1
   363 | D:1      | Reached skill level 4 in Axes
   643 | D:1      | Reached ** piety under Trog
  1010 | D:2      | Found a faded altar of an unknown god.
  1025 | D:2      | Reached XP level 3. HP: 30/34 MP: 2/2
  1124 | D:2      | Reached skill level 5 in Fighting
  1124 | D:2      | Reached XP level 4. HP: 25/42 MP: 3/3
  1851 | D:2      | Found Benept's Assorted Antiques.
  2092 | D:3      | Found a radiant altar of Vehumet.
  2143 | D:3      | You fall into a shaft and drop 2 floors!
  2143 | D:5      | Entered Level 5 of the Dungeon
  2393 | D:3      | Noticed Natasha
  2405 | D:3      | Killed Natasha
  2406 | D:3      | Reached XP level 5. HP: 44/50 MP: 4/4
  2660 | D:3      | Noticed Natasha
  2674 | D:3      | Killed Natasha
  2745 | D:4      | Reached skill level 5 in Axes
  3175 | D:4      | Found a sacrificial altar of Ru.
  3260 | D:4      | Noticed an ice beast
  3262 | D:4      | Noticed Blork the orc
  3270 | D:4      | Killed an ice beast
  3271 | D:4      | Reached XP level 6. HP: 44/57 MP: 5/5
  3274 | D:4      | Killed Blork the orc
  3421 | D:4      | Found Sasomm's Assorted Antiques.
  3500 | D:4      | Found a bloodstained altar of Trog.
  3515 | D:4      | Reached *** piety under Trog
  3516 | D:4      | Reached skill level 6 in Axes
  3927 | D:5      | Reached XP level 7. HP: 16/64 MP: 6/6
  4540 | D:5      | Found a shadowy altar of Dithmenos.
  4551 | D:5      | Reached skill level 5 in Armour
  4665 | D:5      | Reached skill level 7 in Axes
  4879 | D:6      | Noticed Grinder
  4892 | D:6      | Killed Grinder
  4944 | D:6      | Noticed Duvessa
  5058 | D:6      | Reached XP level 8. HP: 60/74 MP: 7/7
  5062 | D:6      | Noticed Dowan
  5067 | D:6      | Killed Dowan
  5079 | D:6      | Killed Duvessa
  5080 | D:6      | Reached skill level 8 in Axes
  5708 | D:6      | Found a staircase to the Ecumenical Temple.
  6613 | D:7      | Reached skill level 9 in Axes
  7058 | D:8      | Noticed Pikel
  7061 | D:8      | Reached XP level 9. HP: 56/84 MP: 8/8
  7084 | D:8      | Killed Pikel
  7085 | D:8      | Reached skill level 10 in Axes
  7405 | D:8      | Reached skill level 10 in Fighting
  7428 | D:8      | Noticed Grum
  7443 | D:8      | Killed Grum
  7977 | D:8      | Reached skill level 11 in Axes
  7980 | D:8      | Reached **** piety under Trog
  8111 | D:8      | Found a staircase to the Lair.
  8443 | Lair:1   | Entered Level 1 of the Lair of Beasts
  8576 | Lair:1   | Noticed a komodo dragon
  8593 | Lair:1   | Killed a komodo dragon
  8973 | Lair:1   | Reached XP level 10. HP: 84/95 MP: 9/9
  9026 | Lair:1   | Noticed a cane toad
  9035 | Lair:1   | Killed a cane toad
  9132 | Lair:1   | Noticed a cane toad
  9138 | Lair:1   | Killed a cane toad
  9428 | Lair:1   | Reached skill level 12 in Axes
  9632 | Lair:1   | Noticed a cane toad
  9653 | Lair:1   | Killed a cane toad
 10092 | Lair:1   | Reached skill level 13 in Axes
 10785 | Lair:2   | Reached XP level 11. HP: 102/106 MP: 10/10
 11188 | Lair:2   | Noticed a boulder beetle
 11194 | Lair:2   | Killed a boulder beetle
 11195 | Lair:2   | Reached skill level 14 in Axes
 11472 | Lair:2   | Reached skill level 10 in Armour
 12157 | Lair:2   | Found a staircase to the Shoals.
 12179 | Shoals:1 | Entered Level 1 of the Shoals
 12211 | Shoals:1 | Reached skill level 15 in Axes
 12597 | Shoals:1 | Noticed a merfolk avatar
 12612 | Shoals:1 | Shot with a sling bullet by a faun

Illustrated notes

Levels and vault maps discovered:
D:1:      minmay_arrival_plants_in_alcoves, layout_loops_ring
D:2:      layout_basic, serial_shops, nicolae_square_shop,
          nicolae_ecumenical_pavilion
D:3:      layout_loops_ring, vehumet_crystals, minmay_gold_behind_fungi,
          minmay_misc_feat_rows, uniq_natasha, uniq_crazy_yiuf_cottage
D:4:      minmay_spotlight, layout_rooms, nicolae_ru_the_path_less_chosen,
          lemuel_tele_altar, serial_shops, shop, uniq_blork_the_orc
D:5:      layout_rooms, grunt_dithmenos_shadows
D:6:      layout_basic, minmay_temple_entry_fiery, uniq_duvessa, uniq_grinder
D:7:      layout_basic
D:8:      layout_cave_pods, lair_entry_dummy, uniq_grum, uniq_pikel
Lair:1:   layout_small_grid, st_stairs_7, roderic_batcave
Lair:2:   layout_regular_city, elwin_shoals_entry_rocks, beast_lair_carwin_7,
          infiniplex_staircase_pool, serial_bayou_shore_b, grunt_megastairs_1
Shoals:1: layout_shoals, nicolae_shoals_spring_well_temple

Skill      XL: |  1  2  3  4  5  6  7  8  9 10 11 |
---------------+----------------------------------+-----
Axes           | 4 5 6 7 9 11 13 15 | 15.2
Fighting       | 4 5 6 7 9 11 12 14 | 14.5
Armour         | 3 4 5 7 8 9 10 | 10.4
Dodging        | |  2.3
Stealth        | |  0.4

Action                   |  1- 3 |  4- 6 |  7- 9 | 10-12 || total
-------------------------+-------+-------+-------+-------++-------
Melee: Hand axe          |    52 |   129 |    13 |       ||   194
       Headbutt          |     4 |    29 |    34 |    39 ||   106
       Punch             |       |     2 |     2 |     3 ||     7
       Broad axe         |       |       |   191 |   241 ||   432
Invok: Berserk           |     1 |     2 |     6 |     3 ||    12
       Trog's Hand       |       |       |     1 |     2 ||     3
  Use: Scroll            |       |     4 |     5 |       ||     9
       Potion            |       |       |       |     2 ||     2
Armor: Animal skin       |    12 |       |       |       ||    12
       Leather armour    |     4 |       |       |       ||     4
       Scale mail        |       |    51 |    98 |   144 ||   293
Dodge: Dodged            |    37 |    55 |   131 |   159 ||   382
